 Dungeon Crawl Stone Soup version 0.30-a0-930-gb9d0489357 (webtiles) character file.

Game seed: 5611278349738240289

67 BillyBaka the Chopper (level 4, -7/41 HPs)
             Began as a Minotaur Fighter on Mar 24, 2023.
             Mangled by Sigmund
             ... wielding a +0 scythe
              (9 damage)
             ... on level 2 of the Dungeon.
             The game lasted 00:03:15 (834 turns).

BillyBaka the Chopper (Minotaur Fighter)             Turns: 834, Time: 00:03:16

Health: -7/41      AC:  6    Str: 23    XL:     4   Next: 0%
Magic:  3/3        EV:  9    Int:  5    God:
Gold:   37         SH:  9    Dex:  9    Spells: 3/3 levels left

rFire   . . .      SeeInvis .    a - +0 war axe
rCold   . . .      Faith    .    c - +0 buckler
rNeg    . . .      Spirit   .    b - +0 scale mail
rPois   .          Reflect  +    (helmet restricted)
rElec   .          Rampage  .    (no cloak)
rCorr   .                        (no gloves)
Will    .....                    (no boots) Stlth
                                 e - amulet of reflection
HPRegen 0.26/turn                (no ring)
MPRegen 0.08/turn                (no ring)

@: no status effects
A: horns 2, retaliatory headbutt
a: no special abilities


You were on level 2 of the Dungeon.
You visited 1 branch of the dungeon, and saw 2 of its levels.

You collected 37 gold pieces.

Inventory:

Hand Weapons
 a - a +0 war axe (weapon)
Armour
 b - a +0 scale mail (worn)
 c - a +0 buckler (worn)
Jewellery
 e - an amulet of reflection (around neck)
Scrolls
 f - a scroll of teleportation {unknown}
 g - 2 scrolls of fear {unknown}
 h - a scroll of identify {unknown}
 i - a scroll of enchant weapon {unknown}
 j - a scroll of immolation {unknown}
 m - a scroll of poison {unknown}
Potions
 d - a potion of might
 k - a potion of mutation {unknown}
 l - a potion of degeneration {unknown}


   Skills:
 + Level 4.4 Fighting
 * Level 4.5 Axes
 - Level 3.6 Armour
 - Level 3.6 Shields


You had 3 spell levels left.
You didn't know any spells.
Your spell library contained the following spells:

 Spells                   Type           Power      Damage    Failure   Level
 Borgnjor's Revivificati  Necr           0%         N/A       100%        8
 Necromutation            Tmut/Necr      0%         N/A       100%        8
 Death's Door             Necr           0%         N/A       100%        9


Dungeon Overview and Level Annotations

Branches:
Dungeon (2/15)

Altars:

Shops:
D:1 !

Annotations:
D:2 Sigmund


Innate Abilities, Weirdness & Mutations

You have a pair of horns on your head.
You reflexively headbutt those who attack you in melee.


Message History

a +0 club; a goblin corpse A bat comes into view.
You block the bat's attack. x2
You slash the bat!
You kill the bat!
No target in view!
You see here a bat corpse.
You open the door.
Sigmund and a rat come into view.
Sigmund shouts!
There is an open door here.
You barely miss the rat. You headbutt the rat.
You kill the rat!
Sigmund mumbles some strange words.
Sigmund flickers and vanishes!
Deactivating autopickup; reactivate with Ctrl-A.
Something hits you.
You have reached level 4!
You feel stronger.
You slash something! Your headbutt misses something.
You hear some strange, mumbled words.
You are confused.
Something hits you!
You hit something but do no damage. Something hits you. Something hits you!
Something hits you.
You completely miss something.
You feel less confused. Something hits you but does no damage.
You closely miss something. You headbutt something!
You block something's attack.
You miss something. Something hits you.
* * * LOW HITPOINT WARNING * * *
You barely miss something.
You hear some strange, mumbled words.
A puff of flame appears from out of thin air!
The puff of flame hits you!
* * * LOW HITPOINT WARNING * * *
You miss something. Your headbutt misses something. Something hits you!
You die...

######### #.......# #.......#
#...†...# #....{@.# .
##'##.### ....#####.##.#
.......†.....# ###############
....####..######.).)).........
# #.......#.#######....##
#...#.#.#.### #....#
...............# #....##
#####..###.#.#[#####)...##


There were no monsters in sight!

Vanquished Creatures
  Robin (D:2)
  An adder (D:2)
  A gnoll (D:1)
  A ball python (D:1)
  A giant cockroach (D:1)
  8 goblins
  6 hobgoblins
  3 jackals (D:1)
  2 kobolds
  3 quokkas
  2 bats
  2 frilled lizards (D:1)
  2 rats
33 creatures vanquished.

Notes
Turn   | Place    | Note
-------+----------+-------------------------------------------
     0 | D:1      | BillyBaka the Minotaur Fighter began the quest for the Orb.
     0 | D:1      | Reached XP level 1. HP: 19/19 MP: 0/0
   164 | D:1      | Reached XP level 2. HP: 7/27 MP: 1/1
   524 | D:1      | Reached XP level 3. HP: 32/33 MP: 2/2
   575 | D:1      | Found Niess's Distillery.
   758 | D:2      | Noticed Robin
   797 | D:2      | Killed Robin
   820 | D:2      | Noticed Sigmund
   823 | D:2      | Reached XP level 4. HP: 38/41 MP: 3/3
   833 | D:2      | HP: 2/41 [something/puff of flame (7)]
   834 | D:2      | Mangled by Sigmund

Illustrated notes

Levels and vault maps discovered:
D:1:      lightli_arrival_boilingwater, layout_loops_cross, serial_shops, shop,
          minmay_misc_feat_plants
D:2:      layout_basic, basic_altar, uniq_robin, uniq_sigmund

Skill      XL: |  1  2  3 |
---------------+----------+-----
Axes           | 3 4 |  4.5
Fighting       | 4 |  4.4
Armour         | |  3.6
Shields        | |  3.6

Action                     |  1- 3 |  4- 6 || total
---------------------------+-------+-------++-------
  Melee: War axe           |    64 |     7 ||    71
         Headbutt          |     7 |     1 ||     8
 Armour: Scale mail        |    29 |     1 ||    30
  Dodge: Dodged            |    23 |       ||    23
  Block: Buckler           |    38 |     1 ||    39

Table legend: (Time is in decaauts)
 A = Elapsed time spent in this place.
 B = Non-inter-level travel time spent in this place.
 C = Inter-level travel time spent in this place.
 D = Time resting spent in this place.
 E = Time spent auto-exploring this place.
 F = Levels seen in this place.
 G = Mean time per level.
                   A        B        C        D        E       F      G
               +--------+--------+--------+--------+--------+-----+--------+
         Total |    860 |    816 |     44 |     82 |    530 |   2 |  430.0 |
       Dungeon |    860 |    816 |     44 |     82 |    530 |   2 |  430.0 |
               +--------+--------+--------+--------+--------+-----+--------+

Top non-repeatable levels by time:
     D:1: 725 daAuts
     D:2: 134 daAuts
